 Dungeon Crawl Stone Soup version 0.26-a0-660-gc07710193c (webtiles) character file.

Game seed: 2908869832440066054

43223 Peloso the Blocker (level 13, -3/118 HPs)
             Began as a Minotaur Fighter on Oct 7, 2020.
             Was the Champion of Okawaru.
             Slain by an orc warrior
             ... wielding a +0 trident
              (8 damage)
             ... while paralysed by an orc sorcerer
             ... on level 2 of the Orcish Mines.
             The game lasted 00:51:33 (18468 turns).

Peloso the Blocker (Minotaur Fighter)              Turns: 18468, Time: 00:51:34

Health: -3/118     AC: 23    Str: 27    XL:     13   Next: 89%
Magic:  3/3        EV:  2    Int: 11    God:    Okawaru [******]
Gold:   3689       SH:  0    Dex: 19    Spells: 12/12 levels left

rFire    + . .     SeeInvis .   a - +3 scimitar "Ynnonwu" {venom, MP-9 Dex+6}
rCold    . . .     Faith    .   c - +1 kite shield {reflect}
rNeg     . . .     Spirit   .   H - +0 plate armour
rPois    +         Reflect  +   z - +2 hat {Int+3}
rElec    .         Harm     .   R - +1 cloak of Limitation {*Slow +Inv rF+ Int+3}
rCorr    .         Rampage  .   q - +0 pair of gloves
MR       .....                  S - +0 pair of boots {Fly}
Stlth    ..........             (no amulet)
HPRegen  0.29/turn              y - +4 ring of slaying
MPRegen  0.08/turn              I - ring of Enexur {rPois Str+4 Stlth-}

@: paralysed, flying, lightly drained
A: retaliatory headbutt, horns 2
a: Heroism, Finesse, Renounce Religion, Evoke Invisibility, Stop Flying


You were on level 2 of the Orcish Mines.
You worshipped Okawaru.
Okawaru was exalted by your worship.
You visited 3 branches of the dungeon, and saw 17 of its levels.
You also visited: Sewer and Bailey.

You collected 4589 gold pieces.
You spent 900 gold pieces at shops.

Inventory:

Hand Weapons
 a - the +3 scimitar "Ynnonwu" (weapon) {venom, MP-9 Dex+6}
   (You found it on level 4 of the Dungeon)

   It poisons the flesh of those it strikes.
   It affects your dexterity (+6).
   It affects your magic capacity (-9).
 b - a +0 whip of flaming
 w - a +0 hand crossbow
Missiles
 Q - 53 bolts
Armour
 c - a +1 kite shield of reflection (worn)
 q - a +0 pair of gloves (worn)
 z - a +2 hat of intelligence (worn)
 A - a +1 pair of boots
 H - a +0 plate armour (worn)
 R - the +1 cloak of Limitation (worn) {*Slow +Inv rF+ Int+3}
   (You found it on level 9 of the Dungeon)

   It affects your intelligence (+3).
   It protects you from fire.
   It lets you turn invisible.
   It may slow you when you take damage.
 S - a +0 pair of boots of flying (worn)
Jewellery
 m - an uncursed ring of magical power {unknown}
 p - a +6 ring of strength {unknown}
 y - a +4 ring of slaying (left hand)
 I - the ring of Enexur (right hand) {rPois Str+4 Stlth-}
   (You found it in a bailey)

   [ring of attention]

   It affects your strength (+4).
   It protects you from poison.
   It makes you less stealthy.
 W - an uncursed ring of ice
Wands
 e - a wand of paralysis (9)
 f - a wand of acid (7)
 j - a wand of flame (23)
 o - a wand of disintegration (12)
 v - a wand of digging (2)
Scrolls
 g - 2 scrolls of identify
 h - 7 scrolls of teleportation
 k - 4 scrolls of remove curse
 n - 2 scrolls of fear
 s - 2 scrolls of noise
 t - 2 scrolls of blinking
 x - a scroll of immolation
 E - 3 scrolls of fog
 M - a scroll of magic mapping
Potions
 d - 4 potions of might
 i - a potion of cancellation
 l - 2 potions of haste
 r - a potion of invisibility
 u - a potion of berserk rage {unknown}
 C - 8 potions of flight
 F - 4 potions of stabbing
 J - 6 potions of heal wounds


   Skills:
 + Level 12.1(11.6) Fighting
   Level 3.5(9.3) Short Blades
 + Level 14.8(14.4) Long Blades
 + Level 2.4(1.9) Maces & Flails
 + Level 13.1(12.6) Armour
 + Level 5.4(4.9) Dodging
 + Level 2.5(2.1) Stealth
 + Level 14.9(14.3) Shields
 + Level 1.2(0.8) Invocations
 + Level 1.4(1.0) Evocations


You had 12 spell levels left.
You didn't know any spells.
Your spell library contained the following spells:

 Spells                   Type           Power        Failure   Level
 Beastly Appendage        Tmut           #.....       96%         1
 Corona                   Hex            #......      96%         1
 Ensorcelled Hibernation  Hex/Ice        #.....       99%         2
 Wereblood                Tmut           #.......     99%         2
 Confusing Touch          Hex            #.......     100%        3
 Dazzling Flash           Conj/Hex       #.....       100%        3
 Spider Form              Tmut/Pois      #.........   100%        3
 Tukima's Dance           Hex            #.......     100%        3
 Cause Fear               Hex            #.........   100%        4
 Ice Form                 Ice/Tmut       #.......     100%        4
 Blade Hands              Tmut           #.........   100%        5
 Silence                  Hex/Air        #.........   100%        5
 Yara's Violent Unravell  Hex/Tmut       #.........   100%        5
 Discord                  Hex            #.........   100%        8


Dungeon Overview and Level Annotations

Branches:
Dungeon (12/15)            Temple (0/1) D:4            Lair (3/6) D:8
  Swamp (0/4) Lair:3          Orc (2/2) D:11          Sewer (visited)
 Bailey (visited)
  Snake: Lair:2-4    Spider: Lair:2-4       Elf: Orc:2

Altars:
Ashenzari
Dithmenos
Elyvilon
Fedhas
Gozag
Makhleb
Okawaru
Sif Muna
Trog
Uskayaw
Vehumet
Wu Jian
Yredelemnul
The Shining One

Shops:
D:7 *   D:9 *   D:11 [

Annotations:
D:4 exclusion: oklob plant
D:10 1 runed translucent door, exclusion: 3 oklob plants, Djamper's ghost, journeyman TrBe
D:12 2 runed translucent doors, exclusion: orange crystal statue


Innate Abilities, Weirdness & Mutations

You reflexively headbutt those who attack you in melee.
You have a pair of horns on your head.


Message History

The orc sorcerer casts a spell at you.
You shrug off the repeated paralysis!
The orc warrior hits you from afar with a +0 trident.
* * * LOW HITPOINT WARNING * * *
The orc wizard casts a spell at you.
The puff of frost hits you but does no damage.
The orc wizard gestures wildly while chanting.
The orc wizard seems to speed up.
The orc sorcerer gestures at you while chanting.
The bolt of negative energy hits you!
You feel drained.
* * * LOW HITPOINT WARNING * * *
The orc warrior hits you but does no damage.
The orc wizard hits you with a +0 dagger.
* * * LOW HITPOINT WARNING * * *
The orc priest hits you.
* * * LOW HITPOINT WARNING * * *
The orc sorcerer hits you but does no damage.
The orc wizard hits you but does no damage.
The orc warrior hits you from afar with a +0 trident!
You die...

....#....#.§...#.#
....#.....##..#.##
..........#).)...# ......
....#...o.......#####.#......
.........)...#.## #..........
................# #........#
........)....#.## #.......# ...
......§.....o#.####.......###..
.......#....4o@).#.........##..
.......#.).#.oo...)............
.......)÷....)##.)[)...))......
...........#.#####)#...........
............## ##............
....o........# ##.##.....[[)
#..o######...# ####......[.
.o.. ##..# ##.......[. .o. #.#
##......)...


You could see a chaos spawn (summoned), an orc sorcerer, an orc warrior, an orc
priest and 2 orc wizards.

Vanquished Creatures
  Rupert (Lair:3)
  A stone giant (Orc:1)
  3 hydras (Lair:1)
  Fannar (Orc:1)
  2 two-headed ogres
  A catoblepas (Lair:3)
  An orc high priest (Orc:2)
  Nergalle (D:10)
  2 unseen horrors
  Pikel (D:6)
  A necromancer (Lair:2)
  2 orc knights
  A manticore (D:12)
  5 orc sorcerers
  2 oklob plants (Lair:1)
  3 ugly things
  2 black mambas
  3 cane toads
  A gargoyle (D:10)
  Maggie (Lair:1)
  2 kobold demonologists (D:11)
  9 komodo dragons
  5 trolls
  3 polar bears (D:12)
  A hornet (D:12)
  Grinder (D:5)
  12 blink frogs (Lair:1)
  Prince Ribbit (Lair:1)
  Sigmund (D:6)
  A wyvern (D:10)
  27 yaks
  A wraith (D:8)
  Menkaure (D:5)
  A steam dragon (D:11)
  A basilisk (Lair:1)
  4 wargs
  6 insubstantial wisps (Lair:3)
  A floating eye (D:10)
  6 water moccasins
  A black bear (D:12)
  22 orc warriors
  A sky beast (D:5)
  2 ice beasts
  8 ogres
  12 wolves
  13 centaurs
  2 lemures (D:6)
  5 bullfrogs
  Blork the orc (D:6)
  A gnoll sergeant (Orc:1)
  3 jellies
  5 scorpions
  17 killer bees
  9 wights
  3 howler monkeys (D:7)
  8 electric eels
  3 centaur zombies
  A bullfrog skeleton (D:6)
  A bullfrog zombie (D:5)
  18 orc priests
  14 hounds
  5 centaur skeletons
  17 iguanas
  Natasha (twice) (D:4)
  22 orc wizards
  5 worker ants
  A killer bee zombie (D:6)
  2 merfolk sirens (Sewer)
  A yak simulacrum (Lair:2)
  A merfolk avatar (Sewer)
  4 polar bear simulacra (Lair:2)
  5 wolf simulacra (Lair:2)
  A centaur simulacrum (D:12)
  3 hound skeletons
  3 worker ant zombies
  A howler monkey skeleton (D:5)
  11 adders
  15 gnolls
  A river rat (Sewer)
  3 shadow imps
  2 white imps
  An ufetubus (D:5)
  3 oozes
  An adder zombie (D:5)
  5 worms
  2 dart slugs
  12 leopard geckos
  63 orcs
  9 giant cockroaches
  13 goblins
  12 hobgoblins
  8 jackals
  6 quokkas
  9 ball pythons
  6 bats
  20 frilled lizards
  A jackal skeleton (D:3)
  24 kobolds
  2 quokka skeletons
  22 rats
  A river rat simulacrum (Lair:2)
594 creatures vanquished.

Vanquished Creatures (others)
  An orc wizard (Orc:2)
  A leopard gecko (Lair:3)
  2 frilled lizards (Lair:3)
  12 fungi
  23 plants
39 creatures vanquished.

Grand Total: 633 creatures vanquished

Notes
Turn   | Place    | Note
-------+----------+-------------------------------------------
     0 | D:1      | Peloso the Minotaur Fighter began the quest for the Orb.
     0 | D:1      | Reached XP level 1. HP: 19/19 MP: 0/0
   175 | D:1      | Reached XP level 2. HP: 27/27 MP: 1/1
   298 | D:1      | Found a glowing golden altar of the Shining One.
   431 | D:1      | Reached XP level 3. HP: 19/33 MP: 2/2
   710 | D:2      | Found an iron altar of Okawaru.
   716 | D:2      | Became a worshipper of Warmaster Okawaru
   885 | D:2      | Found a shimmering blue altar of Sif Muna.
  1394 | D:2      | Reached XP level 4. HP: 40/40 MP: 3/3
  1579 | D:3      | Reached skill level 1 in Dodging
  1823 | D:3      | Noticed a centaur
  1835 | D:3      | Killed a centaur
  1835 | D:3      | Reached skill level 1 in Short Blades
  1835 | D:3      | Reached skill level 5 in Shields
  1835 | D:3      | Reached XP level 5. HP: 20/47 MP: 4/4
  2408 | D:3      | Reached * piety under Okawaru
  2408 | D:3      | Reached XP level 6. HP: 49/53 MP: 5/5
  2529 | D:3      | Found a basalt altar of Yredelemnul.
  2529 | D:3      | Found a glowing golden altar of the Shining One.
  2530 | D:3      | Found a hide-covered altar of Uskayaw.
  2953 | D:4      | Got a glimmering scimitar
  2954 | D:4      | Identified the +3 scimitar "Ynnonwu" {venom, MP-9 Dex+6}
                  | (You found it on level 4 of the Dungeon)
  2982 | D:4      | Found a staircase to the Ecumenical Temple.
  3076 | D:4      | Noticed Natasha
  3084 | D:4      | Killed Natasha
  3087 | D:4      | Noticed Natasha
  3091 | D:4      | Killed Natasha
  3141 | D:4      | Reached XP level 7. HP: 60/60 MP: 0/6
  3183 | D:4      | Reached ** piety under Okawaru
  3183 | D:4      | Reached skill level 5 in Armour
  3355 | D:4      | Found a blossoming altar of Fedhas.
  3368 | D:4      | Noticed an oklob plant
  3464 | D:5      | Entered Level 5 of the Dungeon
  3498 | D:5      | Reached skill level 5 in Fighting
  3502 | D:5      | Found a blossoming altar of Fedhas.
  3505 | D:5      | Found a broken altar of Ashenzari.
  3532 | D:5      | Found a white marble altar of Elyvilon.
  3550 | D:5      | Noticed Grinder
  3551 | D:5      | Paralysed by Grinder for 3 turns
  3562 | D:5      | Killed Grinder
  3562 | D:5      | Reached skill level 5 in Long Blades
  3675 | D:5      | Reached skill level 1 in Stealth
  3974 | D:5      | Got a bloodstained short sword
  3975 | D:5      | Identified the +6 short sword "Suis" {venom, rF+ Str+2}
                  | (You found it on level 5 of the Dungeon)
  4048 | D:5      | Found a burning altar of Makhleb.
  4050 | D:5      | Reached XP level 8. HP: 68/68 MP: 0/7
  4095 | D:5      | Noticed Menkaure
  4104 | D:5      | Killed Menkaure
  4104 | D:5      | Reached *** piety under Okawaru
  4927 | D:6      | Noticed Sigmund
  4935 | D:6      | Killed Sigmund
  4947 | D:6      | Found a bloodstained altar of Trog.
  5103 | D:6      | Noticed Blork the orc
  5115 | D:6      | Reached **** piety under Okawaru
  5119 | D:6      | Killed Blork the orc
  5119 | D:6      | Reached XP level 9. HP: 39/75 MP: 0/8
  5163 | D:6      | Found a glowing drain.
  5193 | Sewer    | Entered a sewer
  6106 | D:6      | Noticed Pikel
  6129 | D:6      | Killed Pikel
  6730 | D:7      | Found a flagged portal.
  6738 | D:7      | Reached skill level 1 in Evocations
  6743 | D:7      | Reached ***** piety under Okawaru
  6803 | Bailey   | Entered a bailey
  7001 | Bailey   | Noticed an orc knight
  7016 | Bailey   | Killed an orc knight
  7022 | Bailey   | Reached XP level 10. HP: 72/86 MP: 0/9
  7149 | Bailey   | Reached skill level 10 in Long Blades
  7188 | Bailey   | Got a wavering lapis lazuli ring
  7190 | Bailey   | Identified the ring of Enexur {rPois Str+4 Stlth-} (You
                  | found it in a bailey)
  7263 | D:7      | Found a shadowy altar of Dithmenos.
  7324 | D:7      | Found Lougegg's General Store.
  7329 | D:7      | Bought a potion of stabbing for 60 gold pieces
  8059 | D:8      | Found a staircase to the Lair.
  8246 | D:8      | Received a gift from Okawaru
  8258 | D:8      | Got a warped dire flail {god gift}
  8482 | D:8      | Found an ornate altar of the Wu Jian Council.
  8608 | D:8      | Reached skill level 10 in Shields
  9025 | D:9      | Found Gozag's Platinum Reserve.
  9036 | D:9      | Found an opulent altar of Gozag.
  9354 | D:9      | Got a brightly glowing cloak
  9365 | D:9      | Identified the +1 cloak of Limitation {*Slow +Inv rF+
                  | Int+3} (You found it on level 9 of the Dungeon)
  9401 | D:9      | You fall into a shaft and drop 2 floors!
  9402 | D:11     | Noticed a white ugly thing
  9408 | D:11     | Killed a white ugly thing
  9641 | D:11     | Reached XP level 11. HP: 72/94 MP: 1/10
  9771 | D:10     | Entered Level 10 of the Dungeon
  9860 | D:9      | Noticed a two-headed ogre
  9869 | D:9      | Killed a two-headed ogre
 10102 | D:10     | Reached skill level 10 in Armour
 10221 | D:10     | Noticed an oklob plant
 10347 | D:10     | Noticed an oklob plant
 10362 | D:10     | Noticed an oklob plant
 10716 | D:10     | Found a runed translucent door.
 10717 | D:10     | Noticed Djamper's ghost (journeyman TrBe)
 10717 | D:10     | Noticed a spriggan rider
 10721 | D:10     | Identified the cursed +1 trident "Qiq Jofe" {vorpal, rPois
                  | MP+9}
 10759 | D:10     | Noticed Nergalle
 10767 | D:10     | Killed Nergalle
 11022 | D:10     | Noticed a two-headed ogre
 11029 | D:10     | Killed a two-headed ogre
 11029 | D:10     | Received a gift from Okawaru
 11321 | D:11     | Reached ****** piety under Okawaru
 11441 | D:11     | Found Ysiyxeax's Antique Armour Boutique.
 11449 | D:11     | Bought an amber-encrusted plate armour for 840 gold pieces
 11462 | D:11     | Identified the +7 plate armour "Jeshuila" {Harm rCorr} (You
                  | bought it in a shop on level 11 of the Dungeon)
 11503 | D:11     | Noticed a sixfirhy
 11771 | D:11     | Found a radiant altar of Vehumet.
 11855 | D:11     | Killed an unseen horror
 11972 | D:11     | Found a staircase to the Orcish Mines.
 12230 | D:11     | Identified the +5 dire flail of Activism {pain, Dex+4
                  | Stlth+} (Okawaru gifted it to you on level 8 of the
                  | Dungeon)
 12423 | D:12     | Noticed a green ugly thing
 12432 | D:12     | Killed a green ugly thing
 12432 | D:12     | Received a gift from Okawaru
 12432 | D:12     | Reached XP level 12. HP: 91/105 MP: 2/11
 12523 | D:12     | Found a runed translucent door.
 12534 | D:12     | Found the +10 tower shield of Ignorance {rN+ Int-4}
 12553 | D:12     | Found a runed translucent door.
 12853 | D:12     | Reached skill level 10 in Fighting
 13137 | Lair:1   | Entered Level 1 of the Lair of Beasts
 13220 | Lair:1   | Noticed a five-headed hydra
 13237 | Lair:1   | Noticed a five-headed hydra
 13400 | Lair:1   | Noticed an eight-headed hydra
 13415 | Lair:1   | Killed an eight-headed hydra
 13489 | Lair:1   | Killed a five-headed hydra
 13602 | Lair:1   | Killed a five-headed hydra
 13602 | Lair:1   | Reached skill level 1 in Maces & Flails
 13725 | Lair:1   | Noticed Prince Ribbit
 13729 | Lair:1   | Killed Prince Ribbit
 13747 | Lair:1   | Reached skill level 5 in Dodging
 13755 | Lair:1   | Received a gift from Okawaru
 14098 | Lair:1   | Noticed Maggie
 14109 | Lair:1   | Killed Maggie
 14641 | Lair:2   | Reached XP level 13. HP: 114/114 MP: 3/12
 14864 | Lair:2   | Reached skill level 1 in Invocations
 15582 | Lair:2   | Identified a scroll of acquirement
 15583 | Lair:2   | Acquired 1279 gold pieces
 15765 | Lair:3   | Found a staircase to the Swamp.
 15999 | Lair:3   | Noticed Rupert
 16021 | Lair:3   | Killed Rupert
 17071 | Orc:1    | Entered Level 1 of the Orcish Mines
 17102 | Orc:1    | Noticed a stone giant
 17118 | Orc:1    | Killed a stone giant
 17118 | Orc:1    | Received a gift from Okawaru
 17450 | Orc:1    | Noticed Fannar
 17470 | Orc:1    | Killed Fannar
 17551 | Orc:1    | You are sucked into a shaft and drop 1 floor!
 17551 | Orc:2    | Entered Level 2 of the Orcish Mines
 17812 | Orc:1    | Found a burning altar of Makhleb.
 17813 | Orc:1    | Paralysed by an orc sorcerer for 4 turns
 17819 | Orc:1    | Identified the +0 robe of Masochism {MR+ Regen+ Str+2}
 18464 | Orc:2    | Received a gift from Okawaru
 18464 | Orc:2    | Paralysed by an orc sorcerer for 4 turns
 18468 | Orc:2    | HP: 5/118 [orc priest (1)]
 18468 | Orc:2    | Slain by an orc warrior

Illustrated notes

Levels and vault maps discovered:
D:1:      noname_arrival_rooms_in_the_neighbourhood, layout_rooms, tso_altar
D:2:      layout_basic, okawaru_metal_pillars_1_2, led_sif_pool,
          minmay_misc_feat_ornament
D:3:      kennysheep_six_static_rooms, layout_loops_cross,
          chequers_temple_overflow_statue_of_worship
D:4:      layout_gridville, minmay_temple_entry_trees, tgw_fedhas, uniq_natasha
D:5:      minmay_razor_zed, layout_basic, nicolae_overflow_hidden_temple,
          elyvilon_altar_3, lemuel_crystal_altar,
          hangedman_abyss_or_decor_lesser_grid, uniq_grinder, uniq_menkaure
D:6:      layout_cave_pods, overflow_temple_1_default, gup_sewer_entry_glass,
          uniq_sigmund, uniq_blork_the_orc, uniq_pikel
D:7:      layout_cave_pools, overflow_temple_1_default, enter_bailey_2,
          serial_shops, shop
D:8:      layout_gridville, overflow_temple_1_default, erik_lair_island
D:9:      layout_small_grid, nicolae_gozag_zags_fifth_avenue
D:10:     layout_loops_ring, ebering_ghost_funeral_grove, disabler_island,
          uniq_nergalle
D:11:     layout_long_grid, minmay_orc_entry_guard_dogs, basic_altar,
          serial_shops, shop
D:12:     layout_basic, serial_ice, serial_ice_a, serial_ice_f, serial_ice_c,
          serial_ice_d, chequers_guarded_unrand_ignorance
Lair:1:   layout_regular_city, minmay_lair_oklob_chamber, uniq_prince_ribbit2,
          uniq_maggie
Lair:2:   layout_long_grid, chequers_serial_rivers_small_3, minmay_holes,
          eino_house_with_fridge, infiniplex_staircase_pool,
          serial_bayou_shore_a, lemuel_fruit_tree
Lair:3:   lemuel_reptile_caves, layout_gridlike, minmay_swamp_entry_wisps,
          uniq_rupert
Orc:1:    layout_diamond_mine, statue_in_the_mist_lemuel, bloody_makhleb,
          uniq_fannar
Orc:2:    st_orc_mages, layout_diamond_mine, gammafunk_ghost_stat_death,
          abandoned_shop

Skill      XL: |  1  2  3  4  5  6  7  8  9 10 11 12 13 |
---------------+----------------------------------------+-----
Shields        | 4 5 6 7 8 10 11 13 14 | 14.9
Armour         | 4 5 6 8 9 11 12 13 | 13.1
Long Blades    | 3 5 7 9 11 12 14 | 14.8
Fighting       | 4 5 6 7 8 9 10 12 | 12.1
Dodging        | 1 2 3 4 5 |  5.4
Short Blades   | 1 2 3 |  3.5
Stealth        | 1 2 |  2.5
Evocations     | 1 |  1.4
Maces & Flails | 2 |  2.4
Invocations    | 1 |  1.2

Action                   |  1- 3 |  4- 6 |  7- 9 | 10-12 | 13-15 || total
-------------------------+-------+-------+-------+-------+-------++-------
Melee: Long sword        |    41 |       |       |       |       ||    41
       Headbutt          |     9 |    27 |    51 |   151 |   125 ||   363
       Short sword       |    32 |   137 |     3 |       |       ||   172
       Scimitar          |       |    14 |   224 |   484 |   351 ||  1073
       Whip              |       |       |       |    18 |       ||    18
Invok: Heroism           |       |       |       |     5 |     2 ||     7
 Abil: Evoke Flight      |       |       |     1 |       |       ||     1
Evoke: Wand              |       |       |       |     5 |     3 ||     8
  Use: Potion            |     2 |     1 |     1 |     1 |       ||     5
       Scroll            |       |     2 |    13 |     8 |     5 ||    28
 Stab: Sleeping          |       |       |     1 |       |       ||     1
Armor: Scale mail        |    51 |    65 |    21 |       |       ||   137
       Chain mail        |       |       |    62 |       |       ||    62
       Plate armour      |       |       |     3 |   289 |   101 ||   393
Dodge: Dodged            |    30 |    49 |    85 |   210 |    85 ||   459
Block: Kite shield       |    50 |    78 |   142 |   438 |   237 ||   945
       Reflection        |       |       |       |     4 |     9 ||    13
       Rpst.: Long sword |     6 |       |       |       |       ||     6
       Scimitar          |       |       |    29 |    32 |    20 ||    81

Table legend: (Time is in decaauts)
 A = Elapsed time spent in this place.
 B = Non-inter-level travel time spent in this place.
 C = Inter-level travel time spent in this place.
 D = Time resting spent in this place.
 E = Time spent auto-exploring this place.
 F = Levels seen in this place.
 G = Mean time per level.
                   A        B        C        D        E       F      G
               +--------+--------+--------+--------+--------+-----+--------+
         Total |  18403 |  17686 |    717 |   2227 |  10873 |  19 |  968.6 |
       Dungeon |  11971 |  11381 |    590 |   1155 |   7774 |  12 |  997.6 |
          Lair |   3773 |   3660 |    113 |    464 |   2111 |   3 | 1257.7 |
  Orcish Mines |   1359 |   1347 |     12 |    166 |    823 |   2 |  679.5 |
         Sewer |    860 |    860 |      0 |    250 |    165 |   1 |  860.0 |
        Bailey |    439 |    439 |      0 |    192 |      0 |   1 |  439.0 |
               +--------+--------+--------+--------+--------+-----+--------+

Top non-repeatable levels by time:
     D:5: 1468 daAuts
  Lair:1: 1417 daAuts
    D:11: 1369 daAuts
  Lair:3: 1290 daAuts
    D:10: 1266 daAuts
     D:8: 1241 daAuts
     D:2: 1228 daAuts
  Lair:2: 1066 daAuts
     D:3: 963 daAuts
     D:6: 917 daAuts
   Sewer: 860 daAuts
    D:12: 804 daAuts
     D:7: 741 daAuts
   Orc:1: 736 daAuts
     D:1: 711 daAuts
